 Dungeon Crawl Stone Soup version 0.20-a0-941-gba1b1f9 (webtiles) character file.

146651 kuniqs the Warrior (level 16, -4/151 HPs)
             Began as a Black Draconian Gladiator on Mar 31, 2017.
             Was the Champion of Okawaru.
             Slain by a merfolk impaler
             ... wielding a cursed -2 trident
              (20 damage)
             ... on level 4 of the Shoals on Apr 1, 2017.
             The game lasted 01:31:12 (43446 turns).

kuniqs the Warrior (Black Draconian Gladiator)     Turns: 43446, Time: 01:31:13

Health: -4/151     AC: 21    Str: 22    XL:     16   Next: 90%
Magic:  23/23      EV: 25    Int: 20    God:    Okawaru [******]
Gold:   2382       SH: 16    Dex: 22    Spells: 1/15 levels left

rFire    + . .     SeeInvis +   V - +8 lance "Wyrmbane" {slay drac, rPois rF+ rC+ AC+3}
rCold    + . .     Gourm    .   t - +2 shield {reflect}
rNeg     . . .     Faith    +   (armour unavailable)
rPois    +         Spirit   .   Q - +1 hat
rElec    +         Reflect  +   C - +2 cloak {+Inv}
rCorr    .         Harm     .   S - +2 pair of gloves "Waaq" {*Corrode Dex+4 Stlth+}
MR       +++..                  b - +1 pair of boots {run}
Stlth    ++++......             L - amulet of faith
Regen    0.4/turn               Z - ring "Gostas" {MR++ Int+2 SInv Stlth-}
MPRegen  0.2/turn               U - ring "Etetaal" {Str+3 Int+6}

@: lethally poisoned (-4 -> -22), flying, very slightly contaminated, quick
A: breathe lightning, unfitting armour, big wings, horns 1, blink, clever 2,
electricity resistance, wild magic 1, cold-blooded, AC +9
a: Breathe Lightning, Stop Flying, Blink, Heroism, Finesse, Renounce Religion,
Evoke Invisibility


You were on level 4 of the Shoals.
You worshipped Okawaru.
Okawaru was exalted by your worship.
You were not hungry.

You visited 5 branches of the dungeon, and saw 28 of its levels.
You also visited: Sewer, Ossuary and Bailey.

You collected 3446 gold pieces.
You spent 1064 gold pieces at shops.

Inventory:

Hand Weapons
 y - a +5 blowgun
 V - the +8 lance "Wyrmbane" (weapon) {slay drac, rPois rF+ rC+ AC+3}
   (You acquired it on level 9 of the Dungeon)

   It affects your AC (+3).
   It protects you from fire.
   It protects you from cold.
   It protects you from poison.
Missiles
 a - 22 javelins of returning
 c - 12 throwing nets
 w - 7 needles of confusion
 F - 37 javelins (quivered)
 O - 3 needles of paralysis
 W - 20 javelins of penetration
Armour
 b - a +1 pair of boots of running (worn)
 t - a +2 shield of reflection (worn)
 C - a +2 cloak of invisibility (worn)
 Q - a +1 hat (worn)
 S - the +2 pair of gloves "Waaq" (worn) {*Corrode Dex+4 Stlth+}
   (Okawaru gifted it to you on level 4 of the Lair of Beasts)

   It affects your dexterity (+4).
   It may corrode you when you take damage.
   It makes you more stealthy.
Jewellery
 L - an amulet of faith (around neck)
 U - the ring "Etetaal" (right hand) {Str+3 Int+6}
   (You found it on level 3 of the Shoals)

   [ring of intelligence]

   It affects your strength (+3).
   It affects your intelligence (+6).
 Z - the ring "Gostas" (left hand) {MR++ Int+2 SInv Stlth-}
   (You found it on level 11 of the Dungeon)

   [ring of see invisible]

   It affects your intelligence (+2).
   It affects your resistance to hostile enchantments.
   It lets you see invisible.
   It makes you less stealthy.
Wands
 i - a wand of digging (20/24)
 o - a wand of paralysis (13/24)
 R - a wand of iceblast (2/15)
Scrolls
 m - 3 scrolls of identify {@r1}
 n - 15 scrolls of remove curse {@r2}
 p - 8 scrolls of recharging
 r - 4 scrolls of fog
 D - 7 scrolls of teleportation
 K - 6 scrolls of magic mapping
 M - a scroll of immolation
 N - a scroll of enchant weapon
 P - a scroll of silence
 T - 3 scrolls of enchant armour
 X - a scroll of holy word
 Y - 3 scrolls of blinking
Potions
 g - a potion of ambrosia
 h - 2 potions of invisibility
 l - 2 potions of cancellation
 q - 6 potions of haste
 s - 11 potions of curing {@q1}
 v - 3 potions of mutation
 x - 3 potions of resistance
 z - 4 potions of berserk rage
 A - a potion of experience
 B - 3 potions of lignification
 E - 4 potions of flight
 G - 3 potions of heal wounds
 I - 2 potions of agility
 J - 3 potions of might
Miscellaneous
 u - a phantom mirror
Comestibles
 d - 21 bread rations
 e - 19 meat rations
 f - 14 fruits
 j - a royal jelly
 k - 3 chunks of flesh


   Skills:
 - Level 15.8 Fighting
   Level 7.9 Long Blades
 + Level 12.8 Polearms
 - Level 11.3 Throwing
 + Level 13.2 Dodging
 - Level 8.1 Stealth
 + Level 14.0 Shields
 - Level 9.6 Invocations


You had one spell level left.
You knew the following spells:

 Your Spells              Type           Power        Failure   Level  Hunger
a - Blink                 Tloc           N/A          43%         2    ###....
b - Animate Skeleton      Necr           N/A          28%         1    ##.....
c - Apportation           Tloc           #.....       28%         1    ##.....
d - Swiftness             Chrm/Air       #.......     43%         2    ###....
e - Regeneration          Chrm/Necr      #.........   75%         3    ####...
f - Spectral Weapon       Hex/Chrm       #.......     75%         3    ####...
x - Song of Slaying       Chrm           #.......     43%         2    ###....


Dungeon Overview and Level Annotations

Branches:
Dungeon (15/15)            Temple (1/1) D:7            Lair (6/6) D:10
 Shoals (4/4) Lair:2       Spider (0/4) Lair:4        Slime (0/5) Lair:6
    Orc (2/2) D:10            Elf (0/3) Orc:2        Vaults (0/5) D:14
 Depths (0/5) D:15

Altars:
Ashenzari
Cheibriados
Dithmenos
Elyvilon
Fedhas
Gozag
Hepliaklqana
Kikubaaqudgha
Makhleb
Nemelex Xobeh
Okawaru
Qazlal
Ru
Sif Muna
Trog
Uskayaw
Vehumet
Wu Jian
Xom
Yredelemnul
Zin
The Shining One
Beogh

Shops:
D:13 ?   Orc:1 (   Orc:2 (*?[

Annotations:
Shoals:4 Ilsuiw


Innate Abilities, Weirdness & Mutations

You can breathe wild blasts of lightning.
Your glossy black scales are hard. (AC +9)
You cannot fit into any form of body armour.
Your large and strong wings let you fly indefinitely.
You are resistant to electric shocks. (rElec)
You are cold-blooded and may be slowed by cold attacks.
You have a pair of small horns on your head.
You can translocate small distances at will.
Your mind is very acute. (Int +4)
Your spells are a little harder to cast, but a little more powerful.


Message History

* * * LOW HITPOINT WARNING * * *
You feel very sick. You block the sea snake's attack.
The water elemental barely misses you. The water elemental misses you.
You block Ilsuiw's attack. You block the harpy's attack.
The harpy claws you but does no damage.
The merfolk impaler hits you from afar with a trident.
* * * LOW HITPOINT WARNING * * *
The sea snake completely misses you. The water elemental misses you.
The water elemental completely misses you.
Blink to where?
You are very lightly contaminated with residual magic.
As you read the scroll of blinking, it crumbles to dust.
* * * LOW HITPOINT WARNING * * *
You feel sick.
* * * LOW HITPOINT WARNING * * *
You feel sick.
Ilsuiw casts a spell.
Ilsuiw blinks!
The merfolk impaler hits you from afar with a trident!!
You die...

≈≈≈≈≈≈≈≈≈≈≈≈≈≈≈≈≈≈≈≈≈≈)≈≈≈≈≈≈≈≈≈≈
≈≈≈≈≈≈≈≈≈≈≈≈≈≈≈P≈≈PP≈≈≈P.P≈P≈≈≈≈≈
≈≈≈≈≈≈≈≈≈≈≈≈≈≈≈≈≈≈P≈(((≈PP.≈≈≈≈≈≈
≈≈≈≈≈≈≈≈≈≈≈≈≈≈P≈≈PPP≈≈.......≈≈≈≈
≈≈≈≈≈≈≈≈≈≈≈≈≈≈≈≈≈≈≈≈PP.P.......≈≈
≈≈≈≈≈≈≈≈≈≈≈≈≈≈≈≈≈≈≈PP.......PP..P
≈≈≈≈≈≈≈≈≈≈.§≈≈m≈≈≈≈...........PPP
≈≈≈≈≈≈≈≈≈(..≈EE)..≈≈≈≈≈P.....PPP.
≈≈≈≈≈≈≈≈≈≈≈≈ES(H@≈≈≈≈≈≈≈..##.P.P#
≈≈≈≈≈≈≈≈≈≈≈.([§†≈≈≈≈≈≈≈≈..###PPP#
≈≈≈≈≈≈≈≈≈≈≈(##..≈≈≈≈≈≈≈≈..## #PP.
≈≈≈≈≈≈≈≈≈≈..####≈≈≈≈≈≈≈≈≈..## P≈≈
≈≈≈≈≈≈≈(≈≈.(....≈≈≈≈≈≈≈P≈...# ≈≈
≈≈..≈≈≈≈≈.....!..≈#≈PP≈.....# .P
≈...≈≈((≈..(......##....=PP## .
≈....≈.≈...m..)....##...P### ≈
≈.....≈≈...........####P.#


You could see a merfolk impaler, a sea snake, 3 water elementals and a harpy.

Vanquished Creatures
  A stone giant (Shoals:2)
  Snorg (Lair:6)
  4 merfolk javelineers
  An ettin (shapeshifter) (D:15)
  5 merfolk impalers
  A great orb of eyes (D:15)
  Fannar (Lair:1)
  4 merfolk avatars
  5 centaur warriors
  A catoblepas (Lair:3)
  3 hydras
  Erica (Lair:1)
  5 two-headed ogres
  6 death knights
  5 merfolk aquamancers
  An alligator snapping turtle (Shoals:3)
  A satyr (Shoals:4)
  Urug (Lair:3)
  7 sea snakes
  9 harpies
  Pikel (D:4)
  3 oklob plants (Lair:5)
  10 orc knights
  2 orc sorcerers
  21 manticores
  2 wolf spider zombies (D:15)
  7 ugly things
  A deep elf mage (D:12)
  2 wolf spiders
  11 fauns
  5 cyclopes
  3 merfolk sirens (Shoals:2)
  3 centaur zombies
  12 black mambas
  6 elephants (Lair:4)
  5 water nymphs
  A guardian serpent (Lair:6)
  The ghost of Gorglomux the Skirmisher, a novice DgWn (D:7)
  19 spiny frogs
  2 gargoyles
  4 rime drakes
  4 kobold demonologists (D:15)
  3 yaktaurs (D:14)
  2 tormentors (D:11)
  3 komodo dragons
  26 merfolk
  A meliai (shapeshifter) (D:14)
  The ghost of Doomer the Shield-Bearer, an amateur MiFi (D:5)
  3 meliai
  2 hornets (Lair:6)
  A polar bear (Lair:3)
  4 wind drakes (Shoals:3)
  11 trolls
  A raiju (shapeshifter) (D:15)
  4 slime creatures (D:12)
  25 blink frogs
  4 dream sheep (Shoals:3)
  12 snapping turtles
  A centaur simulacrum (D:15)
  15 hippogriffs
  4 shadows
  7 redbacks
  A spriggan (D:13)
  7 water elementals
  3 wraiths
  18 yaks
  A vampire (D:12)
  12 wyverns
  9 basilisks
  3 hungry ghosts
  10 vampire mosquitoes
  Menkaure (D:4)
  3 wargs
  An acid dragon (D:12)
  23 water moccasins
  10 porcupines
  3 sky beasts
  51 orc warriors
  4 eyes of draining
  5 ice beasts
  2 slaves (D:4)
  3 black bears
  2 necrophages
  2 phantoms
  A boggart (D:14)
  17 wolves
  31 centaurs
  11 ogres
  15 crocodiles
  6 big kobolds
  14 bullfrogs
  2 gnoll sergeants
  2 wyvern skeletons
  5 scorpions
  9 killer bees
  11 wights
  7 howler monkeys
  4 electric eels
  6 crimson imps
  10 hounds
  2 quasits
  A jelly (D:12)
  21 orc priests
  Crazy Yiuf (D:4)
  3 bullfrog skeletons
  A centaur skeleton (D:3)
  4 iguanas
  Terence (D:3)
  11 worker ants
  Ijyb (D:5)
  32 orc wizards
  A hound zombie (D:7)
  2 hound skeletons (D:9)
  9 mummies
  14 gnolls
  A howler monkey skeleton (D:8)
  17 adders
  8 shadow imps
  2 oozes
  2 adder skeletons
  2 adder zombies
  3 worms
  10 leopard geckos
  107 orcs
  5 ball pythons
  15 bats
  9 giant cockroaches
  9 goblins
  4 hobgoblins
  16 jackals
  10 kobolds
  6 quokkas
  7 frilled lizards
  2 gnoll zombies (D:7)
  4 hobgoblin zombies (Ossuary)
  A jackal skeleton (D:6)
  A jackal zombie (D:7)
  3 kobold zombies (Ossuary)
  A leopard gecko skeleton (D:5)
  An orc zombie (Ossuary)
  11 rats
  A butterfly (D:7)
  2 fungi
  2 plants (Shoals:4)
1009 creatures vanquished.

Vanquished Creatures (others)
  A merfolk javelineer (Shoals:4)
  A centaur warrior (D:14)
  A merfolk aquamancer (Shoals:2)
  2 satyrs
  2 orc knights (Orc:2)
  3 cyclopes
  2 manticores (Shoals:2)
  A faun (Shoals:1)
  3 orc warriors (Orc:2)
  6 centaurs
  2 orcs
  16 fungi
  25 plants
65 creatures vanquished.

Grand Total: 1074 creatures vanquished

Notes
Turn   | Place    | Note
-------+----------+-------------------------------------------
     0 | D:1      | kuniqs the Draconian Gladiator began the quest for the Orb.
     0 | D:1      | Reached XP level 1. HP: 17/17 MP: 1/1
   211 | D:1      | Reached XP level 2. HP: 23/25 MP: 2/2
   782 | D:1      | Reached skill level 1 in Stealth
   932 | D:2      | Reached XP level 3. HP: 26/30 MP: 3/3
  1092 | D:2      | Found a shattered altar of Ashenzari.
  1496 | D:2      | Found a deep blue altar of Sif Muna.
  1761 | D:2      | Reached skill level 3 in Fighting
  1761 | D:2      | Reached XP level 4. HP: 36/38 MP: 4/4
  1994 | D:2      | Found a burning altar of Makhleb.
  2447 | D:3      | Noticed Terence
  2463 | D:3      | Killed Terence
  2463 | D:3      | Reached XP level 5. HP: 26/45 MP: 5/5
  3023 | D:3      | Found a hide-covered altar of Uskayaw.
  3120 | D:3      | Found a faded altar of an unknown god.
  3562 | D:4      | Reached skill level 4 in Fighting
  3592 | D:4      | Found a white marble altar of Elyvilon.
  3631 | D:4      | Reached XP level 6. HP: 37/52 MP: 6/6
  3773 | D:4      | Found a runed door.
  3989 | D:4      | Found a glowing drain.
  4016 | Sewer    | Entered a sewer
  4516 | D:4      | Your scales start taking on a glossy black colour.
  4516 | D:4      | Reached XP level 7. HP: 32/60 MP: 7/7
  4516 | D:4      | Gained mutation: You are resistant to electric shocks. (rElec) [Black Draconian growth]
  4764 | D:4      | Noticed Pikel
  4808 | D:4      | Killed Pikel
  4808 | D:4      | Reached skill level 5 in Fighting
  4808 | D:4      | Reached skill level 5 in Long Blades
  4808 | D:4      | Reached XP level 8. HP: 50/68 MP: 8/8
  4830 | D:4      | Noticed Menkaure
  4907 | D:4      | Found a sparkling altar of Nemelex Xobeh.
  5060 | D:4      | Killed Menkaure
  5060 | D:4      | Reached skill level 5 in Dodging
  5167 | D:4      | Noticed Crazy Yiuf
  5172 | D:4      | Killed Crazy Yiuf
  5226 | D:5      | Entered Level 5 of the Dungeon
  5295 | D:5      | Found a sand-covered staircase.
  5364 | Ossuary  | Entered an ossuary
  5804 | D:5      | Noticed Doomer's ghost (amateur MiFi)
  5836 | D:5      | Killed Doomer's ghost
  5836 | D:5      | Reached skill level 6 in Fighting
  6177 | D:5      | Noticed Ijyb
  6387 | D:5      | Killed Ijyb
  6387 | D:5      | Reached skill level 5 in Stealth
  6487 | D:5      | Found a blossoming altar of Fedhas.
  7012 | D:6      | Found a radiant altar of Vehumet.
  7026 | D:6      | Reached XP level 9. HP: 54/75 MP: 9/9
  7027 | D:6      | Found a shimmering altar of Xom.
  7276 | D:6      | Gained mutation: You evolve. [mutagenic meat]
  7277 | D:6      | Gained mutation: Your magical capacity is low. (-10% MP) [mutagenic meat]
  7278 | D:6      | Gained mutation: You tend to lose your temper in combat. [mutagenic meat]
  7279 | D:6      | Gained mutation: You can translocate small distances at will. [mutagenic meat]
  7308 | D:6      | Found a shimmering altar of Xom.
  7910 | D:7      | Found a hazy altar of Hepliaklqana.
  7993 | D:7      | Noticed Gorglomux's ghost (novice DgWn)
  8005 | D:7      | Killed Gorglomux's ghost
  8005 | D:7      | Reached skill level 5 in Throwing
  8042 | D:7      | Gained mutation: Your spells are a little harder to cast, but a little more powerful. [evolution]
  8162 | D:7      | Found a radiant altar of Vehumet.
  8174 | D:7      | Found a staircase to the Ecumenical Temple.
  8184 | Temple   | Entered the Ecumenical Temple
  8271 | D:7      | Reached skill level 7 in Fighting
  8285 | D:7      | Noticed a gargoyle
  8292 | D:7      | Killed a gargoyle
  9099 | D:7      | Reached XP level 10. HP: 63/86 MP: 9/9
  9169 | D:7      | Found a basalt altar of Yredelemnul.
  9291 | D:7      | Gained mutation: Your large and strong wings let you fly indefinitely. [evolution]
  9552 | D:8      | Found a bloodstained altar of Trog.
  9552 | D:8      | Found an iron altar of Okawaru.
  9552 | D:8      | Found an ancient bone altar of Kikubaaqudgha.
  9559 | D:8      | Became a worshipper of Warmaster Okawaru
  9594 | D:8      | Found a bloodstained altar of Trog.
  9612 | D:8      | Learned a level 2 spell: Blink
  9624 | D:8      | Learned a level 1 spell: Animate Skeleton
  9626 | D:8      | Learned a level 1 spell: Apportation
  9661 | D:8      | Noticed a two-headed ogre
 10031 | D:8      | Killed a two-headed ogre
 10031 | D:8      | Reached * piety under Okawaru
 10032 | D:8      | HP: 4/88 [iguana (9)]
 10069 | D:7      | HP: 4/88 [bounced beam (6)]
 10557 | D:8      | Reached skill level 1 in Invocations
 10588 | D:8      | Identified a scroll of acquirement
 10591 | D:8      | Lost mutation: Your magical capacity is low. (-10% MP) [potion of mutation]
 10591 | D:8      | Lost mutation: You tend to lose your temper in combat. [potion of mutation]
 10591 | D:8      | Lost mutation: Your spells are a little harder to cast, but a little more powerful. [potion of mutation]
 10591 | D:8      | Gained mutation: Your mind is acute. (Int +2) [potion of mutation]
 10591 | D:8      | Gained mutation: Your flesh is cold resistant. (rC+) [potion of mutation]
 10615 | D:8      | Reached skill level 8 in Fighting
 10677 | D:8      | Noticed a two-headed ogre
 10696 | D:8      | Killed a two-headed ogre
 10696 | D:8      | Reached ** piety under Okawaru
 11449 | D:9      | wut
 11516 | D:9      | Noticed a two-headed ogre
 11534 | D:9      | Killed a two-headed ogre
 11534 | D:9      | Reached *** piety under Okawaru
 11534 | D:9      | Reached skill level 1 in Polearms
 11918 | D:9      | Reached XP level 11. HP: 88/95 MP: 13/13
 12034 | D:9      | Reached **** piety under Okawaru
 12596 | D:10     | Entered Level 10 of the Dungeon
 12677 | D:10     | Found a flagged portal.
 12697 | Bailey   | Entered a bailey
 13299 | Bailey   | Reached skill level 9 in Fighting
 14096 | D:10     | Found a staircase to the Lair.
 14166 | D:10     | Reached ***** piety under Okawaru
 14185 | D:10     | Received a gift from Okawaru
 14206 | D:10     | Received a gift from Okawaru
 14305 | D:10     | Found a staircase to the Orcish Mines.
 14894 | D:11     | Received a gift from Okawaru
 15650 | D:11     | Learned a level 2 spell: Swiftness
 15714 | D:11     | Reached skill level 10 in Fighting
 15837 | D:11     | Found a bloodstained altar of Trog.
 15931 | D:11     | Noticed a death knight
 15940 | D:11     | Reached skill level 1 in Shields
 15950 | D:11     | Noticed a death knight
 15991 | D:11     | Killed a death knight
 15991 | D:11     | Reached skill level 5 in Invocations
 16352 | D:11     | Noticed a death knight
 16357 | D:11     | Noticed a death knight
 16367 | D:11     | Killed a death knight
 16400 | D:11     | Noticed a death knight
 16700 | D:11     | Noticed a death knight
 16849 | D:10     | Killed a death knight
 16849 | D:10     | Received a gift from Okawaru
 17213 | D:9      | Gained mutation: You have a pair of small horns on your head. [evolution]
 17246 | D:10     | Reached XP level 12. HP: 107/107 MP: 16/16
 17796 | D:11     | Noticed a death knight
 18156 | D:11     | Killed a death knight
 18156 | D:11     | Received a gift from Okawaru
 18541 | D:11     | Reached skill level 5 in Polearms
 19350 | D:12     | Reached skill level 11 in Fighting
 19722 | D:11     | Received a gift from Okawaru
 20180 | D:12     | Reached skill level 5 in Shields
 20513 | D:12     | HP: 1/110 [meliai/divine providence (9)]
 20826 | Lair:1   | Entered Level 1 of the Lair of Beasts
 20879 | Lair:1   | Noticed Fannar
 20949 | Lair:1   | Received a gift from Okawaru
 21045 | Lair:1   | Noticed a centaur warrior
 21055 | Lair:1   | Killed a centaur warrior
 21126 | Lair:1   | Noticed Erica
 21142 | Lair:1   | Killed Erica
 21203 | Lair:1   | Killed Fannar
 21315 | Lair:1   | Noticed a seven-headed hydra
 21322 | Lair:1   | Killed a seven-headed hydra
 21322 | Lair:1   | Reached skill level 12 in Fighting
 22562 | Lair:2   | Reached XP level 13. HP: 118/118 MP: 18/18
 22815 | Lair:2   | Found a staircase to the Shoals.
 22877 | Lair:2   | Received a gift from Okawaru
 23894 | Lair:3   | Received a gift from Okawaru
 24329 | Lair:3   | Reached ****** piety under Okawaru
 24811 | Lair:3   | Noticed Urug
 25114 | Lair:3   | Killed Urug
 25189 | Lair:4   | Gained mutation: Your mind is very acute. (Int +4) [evolution]
 25244 | Lair:4   | Reached skill level 13 in Fighting
 25634 | Lair:4   | Found a hole to the Spider Nest.
 25687 | Lair:4   | Received a gift from Okawaru
 25690 | Lair:4   | Got a pair of translucent gloves {god gift}
 25696 | Lair:4   | Identified the +2 pair of gloves "Waaq" {*Corrode Dex+4 Stlth+} (Okawaru gifted it to you on level 4 of the Lair of Beasts)
 26224 | Lair:4   | Reached skill level 10 in Dodging
 26333 | Lair:5   | Learned a level 3 spell: Regeneration
 26961 | Lair:6   | Entered Level 6 of the Lair of Beasts
 26961 | Lair:6   | Found a staircase to the Slime Pits.
 27013 | Lair:6   | Mutation became permanent: Your large and strong wings let you fly indefinitely. [Black Draconian growth]
 27013 | Lair:6   | Reached XP level 14. HP: 130/130 MP: 20/20
 27358 | Lair:6   | Received a gift from Okawaru
 27747 | Lair:6   | Reached skill level 14 in Fighting
 27747 | Lair:6   | Reached skill level 10 in Shields
 27772 | Lair:6   | Noticed Snorg
 27825 | Lair:6   | Killed Snorg
 27852 | Lair:6   | Received a gift from Okawaru
 27881 | Lair:6   | Received a gift from Okawaru
 28044 | Lair:6   | Reached skill level 10 in Throwing
 28095 | Lair:6   | Received a gift from Okawaru
 28213 | Lair:6   | Gained mutation: Your spells are a little harder to cast, but a little more powerful. [evolution]
 28460 | Lair:6   | Received a gift from Okawaru
 28876 | Orc:1    | Entered Level 1 of the Orcish Mines
 28876 | Orc:1    | Found Raufajy's Weapon Shop.
 29047 | Orc:1    | Found a roughly hewn altar of Beogh.
 29465 | Orc:2    | Entered Level 2 of the Orcish Mines
 30122 | Orc:2    | Found a staircase to the Elven Halls.
 30127 | Orc:2    | Found a roughly hewn altar of Beogh.
 30484 | Orc:1    | Paralysed by an orc sorcerer for 6 turns
 31899 | Orc:2    | Reached skill level 15 in Fighting
 31943 | Orc:2    | Received a gift from Okawaru
 32126 | Orc:2    | Found Xistro De Add's Assorted Antiques.
 32126 | Orc:2    | Found Ypeom's Magic Scroll Emporium.
 32126 | Orc:2    | Found Ticseis's Antique Armour Shoppe.
 32130 | Orc:2    | Found Maxumoam's Weapon Shop.
 32136 | Orc:2    | Bought a scroll labeled WASAUN COM for 31 gold pieces
 32137 | Orc:2    | Bought a scroll of enchant weapon for 97 gold pieces
 32137 | Orc:2    | Bought a scroll of enchant armour for 97 gold pieces
 32137 | Orc:2    | Bought a scroll of blinking for 97 gold pieces
 32137 | Orc:2    | Bought a scroll of teleportation for 39 gold pieces
 32137 | Orc:2    | Bought a scroll of identify for 26 gold pieces
 32139 | Orc:2    | Bought a glowing hat for 245 gold pieces
 32153 | Orc:2    | Bought a pair of runed boots for 232 gold pieces
 32163 | Orc:2    | Identified a +1 pair of boots of running (You bought it in a shop on level 2 of the Orcish Mines)
 32367 | D:11     | Reached XP level 15. HP: 25/141 MP: 22/22
 33310 | D:11     | Got an ancient copper ring
 33311 | D:11     | Identified the ring "Gostas" {MR++ Int+2 SInv Stlth-} (You found it on level 11 of the Dungeon)
 34322 | D:13     | Found Gyddeelu's Magic Scroll Emporium.
 34330 | D:13     | Bought a scroll of identify for 32 gold pieces
 34330 | D:13     | Bought a scroll of blinking for 120 gold pieces
 34330 | D:13     | Bought a scroll of teleportation for 48 gold pieces
 34883 | D:14     | Found a sparkling altar of Nemelex Xobeh.
 35124 | D:14     | Reached skill level 10 in Polearms
 35263 | D:14     | Found a gate to the Vaults.
 35624 | D:15     | Entered Level 15 of the Dungeon
 35665 | D:15     | Found a staircase to the Depths.
 35903 | D:15     | Found a burning altar of Makhleb.
 36128 | D:15     | Received a gift from Okawaru
 36207 | D:15     | Received a gift from Okawaru
 36480 | D:15     | Learned a level 3 spell: Spectral Weapon
 36483 | D:15     | Learned a level 2 spell: Song of Slaying
 36601 | D:15     | Received a gift from Okawaru
 37049 | Shoals:1 | Entered Level 1 of the Shoals
 39465 | Shoals:2 | Reached XP level 16. HP: 140/151 MP: 23/23
 39564 | Shoals:2 | Received a gift from Okawaru
 40741 | Shoals:3 | Found a runed door.
 40922 | Shoals:3 | Received a gift from Okawaru
 41705 | Shoals:3 | Lost mutation: Your flesh is cold resistant. (rC+) [evolution]
 41705 | Shoals:3 | Lost mutation: You evolve. [end of evolution]
 41909 | Shoals:3 | Received a gift from Okawaru
 41948 | Shoals:3 | Identified the ring "Etetaal" {Str+3 Int+6} (You found it on level 3 of the Shoals)
 41988 | Shoals:4 | Entered Level 4 of the Shoals
 42315 | Shoals:4 | Received a gift from Okawaru
 42509 | Shoals:4 | Noticed Ilsuiw
 43446 | Shoals:4 | Slain by a merfolk impaler

Vault maps used:
D:1:      dpeg_arrival_tiny_g, grunt_decor_one_mirror
D:2:      kennysheep_big_flooded_room, lemuel_doored_altar,
          nicolae_overflow_crystal_walls, makhleb_heckhound_becter
D:3:      lemuel_crystal_altar, first_bread, chequers_ecumenical_altar_island,
          uniq_terence
D:4:      lemuel_coloured_pillars_altar, elyvilon_altar_1, gup_sewer_entry_pipe,
          grunt_ministairs_12, corexii_corridor_pit, minmay_misc_feat_tiny,
          uniq_pikel, uniq_crazy_yiuf_cottage, uniq_menkaure
D:5:      kennysheep_little_box, gup_ossuary_entry_pyramid, minivault_19,
          roderic_lattice_a, hangedman_minor_gate_pass, uniq_iyjb
D:6:      xom_butterflies, basic_altar, serial_glass, glass_columns_c,
          glass_columns_a, minmay_strange_pillars, feat_on_display,
          feat_on_display, hangedman_decor_opposing, minmay_ruined_shrine
D:7:      lemuel_crystal_altar, old_standard_altar,
          lemuel_zombie_altar_yredelemnul, minmay_temple_entry_butterflies
D:8:      gammafunk_temple_overflow_claw, serial_curves, eino_curves_02,
          eino_curves_04, trog_three_pillars_becter
D:10:     lair_entry_dummy, orc_0_dummy, enter_bailey_3
D:11:     cheibrodos_tormentor_scu, basic_altar
D:13:     serial_shops, shop_fountains, the_bakery
D:14:     hangedman_vaults_entry_quadrant_bands,
          nemelex_xobeh_ov_fountains_minmay
D:15:     hangedman_depths_entry_try_elsewhere_first, basic_altar
Temple:   jpeg_temple_island
Lair:1:   uniq_erica, uniq_fannar
Lair:2:   minmay_shoals_entry_beasts, grunt_megastairs_5
Lair:3:   kennysheep_catoblepas_arena, uniq_urug
Lair:4:   spider_nest_entry_a, serial_bayou_pond_a, lemuel_fruit_tree,
          serial_bayou_shore_a
Lair:5:   nicolae_quartered_pool_little, dpeg_oklob_1
Lair:6:   hangedman_lair_tendril_chambers, slime_dummy,
          infiniplex_staircase_pool, uniq_snorg
Shoals:1: argonaut_gorgonesque
Shoals:2: hangedman_shoals_cup_caves
Shoals:3: cheibrodos_shoals_epimethial_gifts, lightli_airlock
Shoals:4: shoals_end_simple, shoals_ilsuiw_alternative,
          nicolae_shoals_dead_sea_scrolls
Orc:1:    basic_altar, serial_shops, shop
Orc:2:    st_orc_rangers, basic_altar
Sewer:    sewer_big_baddie
Ossuary:  ossuary_tomb_3
Bailey:   bailey_polearm_flooded_kennysheep, bailey

Skill      XL: |  1  2  3  4  5  6  7  8  9 10 11 12 13 14 15 16 |
---------------+-------------------------------------------------+-----
Stealth        | 1 2 3 5 6 7 8 |  8.1
Dodging        | 3 4 5 6 7 8 9 10 12 13 | 13.2
Fighting       | 3 4 5 6 7 8 10 12 13 15 | 15.8
Long Blades    | 4 5 6 7 |  7.9
Throwing       | 2 3 4 5 6 7 8 9 10 11 | 11.3
Invocations    | 2 5 6 8 9 |  9.6
Polearms       | 1 4 6 8 9 11 12 | 12.8
Shields        | 2 7 9 11 12 14 | 14.0

Action                   |  1- 3 |  4- 6 |  7- 9 | 10-12 | 13-15 | 16-18 || total
-------------------------+-------+-------+-------+-------+-------+-------++-------
Melee: Short sword       |   128 |   300 |    29 |       |       |       ||   457
       Tailslap          |    10 |    39 |    48 |   144 |   370 |    97 ||   708
       Triple sword      |       |       |   202 |    96 |       |       ||   298
       Quarterstaff      |       |       |    18 |       |       |       ||    18
       Lance             |       |       |       |   885 |  2136 |   839 ||  3860
       Headbutt          |       |       |       |    85 |   496 |   126 ||   707
 Fire: Blowgun           |       |       |       |       |       |     5 ||     5
Throw: Javelin           |       |       |       |   151 |   156 |    17 ||   324
Invok: Heroism           |       |       |       |     6 |     3 |       ||     9
 Abil: Breathe Lightning |       |       |    13 |    18 |    11 |       ||    42
       Fly               |       |       |       |     1 |       |     1 ||     2
       Stop Flying       |       |       |       |       |       |     1 ||     1
Evoke: Wand              |       |       |       |     8 |     1 |       ||     9
  Use: Potion            |       |     2 |       |    10 |       |       ||    12
       Scroll            |       |       |       |    31 |    12 |     4 ||    47
 Stab: Sleeping          |     1 |       |     3 |    14 |    38 |     9 ||    65
       Distracted        |       |       |     1 |     7 |    26 |     4 ||    38
       Petrified         |       |       |       |       |     1 |       ||     1
       Held in net/web   |       |       |       |       |       |     2 ||     2
  Eat: Chunk             |     2 |    10 |    20 |    35 |    46 |    13 ||   126
       Royal jelly       |       |       |     1 |     7 |     1 |       ||     9
       Fruit             |       |       |       |       |     2 |       ||     2
       Meat ration       |       |       |       |       |     1 |       ||     1
Armor: Skin              |    41 |    73 |    72 |   222 |   215 |    62 ||   685
Dodge: Dodged            |    96 |   222 |   240 |   748 |   890 |   253 ||  2449
Block: Buckler           |       |       |       |    73 |   195 |       ||   268
       Shield            |       |       |       |       |   616 |   339 ||   955
       Reflection        |       |       |       |       |   114 |    43 ||   157
       Rpst.: Triple sword |       |       |    62 |    36 |       |       ||    98
